 Dungeon Crawl Stone Soup version 0.25-a0-435-g4b9beb1024 (webtiles) character file.

Game seed: 16943326910440323631, levelgen mode: deterministic

2450 ReteAZ the Covered (level 9, -11/68 HPs)
             Began as a Gnoll Wanderer on Jan 29, 2020.
             Killed from afar by Maggie (24 damage)
             ... with a bolt of fire
             ... on level 7 of the Dungeon.
             The game lasted 00:12:24 (7743 turns).

ReteAZ the Covered (Gnoll Wanderer)                 Turns: 7743, Time: 00:12:25

Health: -11/68     AC: 20    Str: 17    XL:     9   Next: 49%
Magic:  15/15      EV:  7    Int: 17    God:
Gold:   265        SH:  0    Dex: 13    Spells: 16/16 levels left

rFire    . . .     SeeInvis .   a - +2 short sword
rCold    . . .     Gourm    .   (no shield)
rNeg     . . .     Faith    .   f - +0 plate armour (curse)
rPois    .         Spirit   .   p - +2 helmet
rElec    .         Reflect  .   w - +1 cloak
rCorr    .         Harm     .   (no gloves)
MR       .....                  A - +0 pair of boots
Stlth    ..........             (no amulet)
HPRegen  0.21/turn              (no ring)
MPRegen  0.14/turn              (no ring)

@: mesmerised
A: distributed training, fangs 1, strong nose
a: no special abilities


You were on level 7 of the Dungeon.
You were not hungry.

You visited 1 branch of the dungeon, and saw 8 of its levels.

You collected 265 gold pieces.

Inventory:

Hand Weapons
 a - a +2 short sword (weapon)
 b - a +0 mace
Missiles
 k - 14 poisoned darts
 t - 5 javelins (quivered)
 y - 10 boomerangs
Armour
 c - a +0 ring mail
 f - a cursed +0 plate armour (worn)
 p - a +2 helmet (worn)
 u - a +0 chain mail
 w - a +1 cloak (worn)
 A - a +0 pair of boots (worn)
Jewellery
 m - an uncursed amulet of guardian spirit {unknown}
 q - an uncursed ring of wizardry {unknown}
 x - an uncursed amulet of regeneration {unknown}
 C - an uncursed ring of protection from magic {unknown}
Wands
 E - a wand of paralysis (8)
Scrolls
 e - 15 scrolls of identify {unknown}
 g - 3 scrolls of enchant armour {unknown}
 h - a scroll of noise {unknown}
 i - 2 scrolls of blinking {unknown}
 j - a scroll of amnesia {unknown}
 n - 2 scrolls of magic mapping {unknown}
 o - 5 scrolls of teleportation {unknown}
 r - 2 scrolls of enchant weapon {unknown}
 z - a scroll of fog {unknown}
 B - 3 scrolls of fear {unknown}
Potions
 s - a potion of cancellation
 v - 3 potions of magic
Comestibles
 d - 9 rations
 l - 3 chunks of flesh


   Skills:
 + Level 5.0 Fighting
 + Level 7.9 Short Blades
 + Level 4.2 Long Blades
 + Level 5.0 Axes
 + Level 4.2 Maces & Flails
 + Level 4.2 Polearms
 + Level 4.2 Staves
 + Level 4.2 Slings
 + Level 4.2 Bows
 + Level 4.2 Crossbows
 + Level 4.2 Throwing
 + Level 7.9 Armour
 + Level 4.2 Dodging
 + Level 4.2 Stealth
 + Level 5.0 Shields
 + Level 4.2 Unarmed Combat
 + Level 4.2 Spellcasting
 + Level 3.4 Conjurations
 + Level 3.4 Hexes
 + Level 3.4 Charms
 + Level 3.4 Summonings
 + Level 3.4 Necromancy
 + Level 3.4 Translocations
 + Level 3.4 Transmutations
 + Level 3.4 Fire Magic
 + Level 3.4 Ice Magic
 + Level 3.4 Air Magic
 + Level 3.4 Earth Magic
 + Level 3.4 Poison Magic
 + Level 4.6 Invocations
 + Level 5.0 Evocations


You had 16 spell levels left.
You didn't know any spells.
Your spell library was empty.

Dungeon Overview and Level Annotations

Branches:
Dungeon (8/15)             Temple (0/1) D:7
   Lair: D:8-11

Altars:

Annotations:
D:2 Sigmund
D:5 Eustachio
D:7 Maggie


Innate Abilities, Weirdness & Mutations

Your experience applies equally to all skills.
You have very sharp teeth.
Your uncanny sense of smell can sniff out nearby items.


Message History

Maggie is moderately wounded.
The crimson imp closely misses you. Maggie barely misses you.
Your plate armour prevents you from hitting Maggie.
Your bite misses Maggie.
Maggie is moderately wounded.
A kobold comes into view.
The crimson imp hits you but does no damage.
Your plate armour prevents you from hitting Maggie.
Maggie is moderately wounded.
The kobold shouts!
Maggie casts a spell at you. The bolt of fire hits you.
* * * LOW HITPOINT WARNING * * *
A hound zombie comes into view.
You hit Maggie.
Maggie is moderately wounded.
The crimson imp blinks!
The big kobold closely misses you. Maggie gestures at you while chanting.
The bolt of fire hits you!!
You die...

#. # #.##### . #.#.....#
..#.#.....##############
>....................÷..
..Z.....................
#5KK@.#......###..... ..
#§@.#....### #.####
....#...#....# ###
#......#).#####
#....#......#...#...
#.#..#........⌠....>
#∆#.........#...#...∆
∆#.##.########## # # #.
..


You could see Maggie, a big kobold, a crimson imp, a hound zombie and a kobold.

Vanquished Creatures
  Prince Ribbit (D:6)
  Menkaure (D:6)
  Edmund (D:5)
  An orc warrior (D:8)
  A phantom (D:7)
  2 necrophages
  3 sky beasts
  A black bear (D:6)
  An eye of draining (D:7)
  2 ogres (D:5)
  2 scorpions (D:4)
  2 crimson imps
  2 bullfrog zombies
  A hound (D:6)
  4 orc priests
  A centaur skeleton (D:5)
  Jessica (D:3)
  Natasha (thrice) (D:3)
  An iguana (D:5)
  6 orc wizards
  5 worker ants
  A hound skeleton (D:5)
  A worker ant zombie (D:5)
  A howler monkey skeleton (D:7)
  13 adders
  3 gnolls (D:4)
  2 dart slugs (D:1)
  3 leopard geckos
  19 orcs
  2 giant cockroaches (D:1)
  7 goblins
  3 hobgoblins
  13 jackals
  5 kobolds
  5 quokkas
  A ball python (D:2)
  8 bats
  4 frilled lizards
  A jackal skeleton (D:4)
  A leopard gecko skeleton (D:4)
  A quokka skeleton (D:7)
  A quokka zombie (D:6)
  5 rats
142 creatures vanquished.

Vanquished Creatures (others)
  A quokka (D:8)
1 creature vanquished.

Grand Total: 143 creatures vanquished

Notes
Turn   | Place    | Note
-------+----------+-------------------------------------------
     0 | D:1      | ReteAZ the Gnoll Wanderer began the quest for the Orb.
     0 | D:1      | ReteAZ set off with the following items: a +2 short sword,
                  | a +0 mace, a +0 ring mail, a ration
     0 | D:1      | Reached XP level 1. HP: 17/17 MP: 2/2
   108 | D:1      | Reached XP level 2. HP: 22/23 MP: 3/3
   800 | D:1      | Reached XP level 3. HP: 28/28 MP: 4/4
  1001 | D:2      | Reached skill level 1 in Invocations
  1005 | D:2      | Noticed a sky beast
  1006 | D:2      | Noticed Sigmund
  1353 | D:2      | Reached skill level 1 in Long Blades
  1353 | D:2      | Reached skill level 1 in Maces & Flails
  1353 | D:2      | Reached skill level 1 in Polearms
  1353 | D:2      | Reached skill level 1 in Staves
  1353 | D:2      | Reached skill level 1 in Slings
  1353 | D:2      | Reached skill level 1 in Bows
  1353 | D:2      | Reached skill level 1 in Crossbows
  1353 | D:2      | Reached skill level 1 in Throwing
  1353 | D:2      | Reached skill level 1 in Dodging
  1353 | D:2      | Reached skill level 1 in Stealth
  1353 | D:2      | Reached skill level 1 in Unarmed Combat
  1353 | D:2      | Reached skill level 1 in Spellcasting
  1356 | D:2      | Reached XP level 4. HP: 29/34 MP: 4/6
  1702 | D:2      | Killed a sky beast
  1702 | D:2      | Reached skill level 1 in Conjurations
  1702 | D:2      | Reached skill level 1 in Hexes
  1702 | D:2      | Reached skill level 1 in Charms
  1702 | D:2      | Reached skill level 1 in Summonings
  1702 | D:2      | Reached skill level 1 in Necromancy
  1702 | D:2      | Reached skill level 1 in Translocations
  1702 | D:2      | Reached skill level 1 in Transmutations
  1702 | D:2      | Reached skill level 1 in Fire Magic
  1702 | D:2      | Reached skill level 1 in Ice Magic
  1702 | D:2      | Reached skill level 1 in Air Magic
  1702 | D:2      | Reached skill level 1 in Earth Magic
  1702 | D:2      | Reached skill level 1 in Poison Magic
  1702 | D:2      | Reached XP level 5. HP: 5/40 MP: 7/7
  1981 | D:3      | Noticed Natasha
  1989 | D:3      | Killed Natasha
  2302 | D:3      | Noticed Jessica
  2311 | D:3      | Killed Jessica
  2358 | D:3      | Reached XP level 6. HP: 43/47 MP: 8/8
  2391 | D:3      | Noticed Natasha
  2401 | D:3      | Killed Natasha
  2906 | D:3      | Noticed Natasha
  2912 | D:3      | Killed Natasha
  3237 | D:4      | HP: 3/70 [poisoned by a scorpion]
  3245 | D:4      | HP: 2/70 [poisoned by a scorpion]
  3253 | D:4      | HP: 2/70 [poisoned by a scorpion]
  3615 | D:4      | Reached XP level 7. HP: 42/52 MP: 10/10
  4422 | D:5      | Entered Level 5 of the Dungeon
  4764 | D:5      | Reached XP level 8. HP: 53/60 MP: 12/12
  5042 | D:5      | Noticed Eustachio
  5055 | D:5      | Noticed Edmund
  5081 | D:5      | Killed Edmund
  6232 | D:6      | Noticed Prince Ribbit
  6469 | D:6      | Killed Prince Ribbit
  6762 | D:6      | Noticed Menkaure
  6773 | D:6      | Killed Menkaure
  6773 | D:6      | Reached XP level 9. HP: 32/66 MP: 14/14
  7671 | D:7      | Reached skill level 5 in Fighting
  7671 | D:7      | Reached skill level 5 in Axes
  7671 | D:7      | Reached skill level 5 in Shields
  7671 | D:7      | Reached skill level 5 in Evocations
  7700 | D:7      | Found a staircase to the Ecumenical Temple.
  7705 | D:7      | Noticed Maggie
  7743 | D:7      | Killed from afar by Maggie

Levels and vault maps discovered:
D:1:      dpeg_arrival_radiant, layout_basic, roderic_lattice_a
D:2:      cheibrodos_old_hovel, layout_basic, uniq_sigmund
D:3:      layout_loops_ring, first_ration, uniq_jessica, uniq_natasha
D:4:      layout_gridville, chequers_serial_rivers_micro_b
D:5:      layout_layer_cave, uniq_eustachio, uniq_edmund
D:6:      layout_basic, uniq_menkaure, uniq_prince_ribbit1
D:7:      cheibrodos_shockbox, layout_basic, minmay_temple_entry_antechambers,
          uniq_maggie
D:8:      layout_basic, elyvilon_altar_4, lair_entry_dummy, lemuel_tele_altar,
          uniq_erica

Skill      XL: |  1  2  3  4  5  6  7  8  9 |
---------------+----------------------------+-----
Invocations    | 1 2 3 4 |  4.6
Long Blades    | 1 2 3 4 |  4.2
Maces & Flails | 1 2 3 4 |  4.2
Polearms       | 1 2 3 4 |  4.2
Staves         | 1 2 3 4 |  4.2
Slings         | 1 2 3 4 |  4.2
Bows           | 1 2 3 4 |  4.2
Crossbows      | 1 2 3 4 |  4.2
Throwing       | 1 2 3 4 |  4.2
Dodging        | 1 2 3 4 |  4.2
Stealth        | 1 2 3 4 |  4.2
Unarmed Combat | 1 2 3 4 |  4.2
Spellcasting   | 1 2 3 4 |  4.2
Conjurations   | 1 2 3 |  3.4
Hexes          | 1 2 3 |  3.4
Charms         | 1 2 3 |  3.4
Summonings     | 1 2 3 |  3.4
Necromancy     | 1 2 3 |  3.4
Translocations | 1 2 3 |  3.4
Transmutations | 1 2 3 |  3.4
Fire Magic     | 1 2 3 |  3.4
Ice Magic      | 1 2 3 |  3.4
Air Magic      | 1 2 3 |  3.4
Earth Magic    | 1 2 3 |  3.4
Poison Magic   | 1 2 3 |  3.4
Fighting       | 3 4 5 |  5.0
Axes           | 3 4 5 |  5.0
Shields        | 3 4 5 |  5.0
Evocations     | 3 4 5 |  5.0
Short Blades   | 7 |  7.9
Armour         | 7 |  7.9

Action                   |  1- 3 |  4- 6 |  7- 9 || total
-------------------------+-------+-------+-------++-------
Melee: Short sword       |    90 |   151 |   603 ||   844
       Bite              |     5 |    16 |    63 ||    84
       Punch             |       |       |     4 ||     4
Throw: Javelin           |       |    13 |    10 ||    23
  Use: Potion            |     1 |     3 |     7 ||    11
  Eat: Chunk             |     1 |     7 |    14 ||    22
Armor: Ring mail         |    31 |    43 |    16 ||    90
       Skin              |       |    24 |       ||    24
       Chain mail        |       |       |   257 ||   257
       Plate armour      |       |       |    32 ||    32
Dodge: Dodged            |    58 |    55 |   212 ||   325

Table legend:
 A = Non-vault XP
 B = Vault XP
 C = Vault XP percentage of total XP
 D = Non-vault monster count
 E = Vault monster count
 F = Vault count percentage of total count
                 A         B        C        D         E       F
            +---------+---------+-------+---------+---------+-------
      Total |    2722 |     778 |  22.2 |     136 |       6 |   4.2
            +---------+---------+-------+---------+---------+-------
        D:1 |      35 |       0 |   0.0 |      19 |       0 |   0.0
        D:2 |      57 |     124 |  68.5 |      20 |       1 |   4.8
        D:3 |     140 |      73 |  34.3 |      18 |       2 |  10.0
        D:4 |     432 |       0 |   0.0 |      29 |       0 |   0.0
        D:5 |     582 |     154 |  20.9 |      17 |       1 |   5.6
        D:6 |     469 |     427 |  47.7 |      11 |       2 |  15.4
        D:7 |     837 |       0 |   0.0 |      20 |       0 |   0.0
        D:8 |     170 |       0 |   0.0 |       2 |       0 |   0.0
            +---------+---------+-------+---------+---------+-------
